 Dungeon Crawl Stone Soup version 0.19.5 (webtiles) character file.

72 uhmor the Conjurer (level 4, -1/31 HPs)
             Began as a Human Conjurer on May 6, 2017.
             Slain by an adder (4 damage)
             ... on level 3 of the Dungeon.
             The game lasted 01:06:58 (2324 turns).

uhmor the Conjurer (Human Conjurer)                 Turns: 2324, Time: 01:06:59

Health: -1/31      AC:  9    Str:  8    XL:     4   Next: 48%
Magic:  8/8        EV:  8    Int: 17    God:
Gold:   112        SH:  0    Dex: 13    Spells: 2 memorised, 5 levels left

rFire  . . .     SeeInvis .     r - +0 spear
rCold  . . .     Gourm    .     s - +0 scale mail
rNeg   . . .     Faith    .     (no shield)
rPois  .         Spirit   .     (no helmet)
rElec  .         Reflect  .     (no cloak)
rCorr  .         Harm     .     (no gloves)
MR     .....                    (no boots)
Stlth  +.........               u - amulet of inaccuracy (curse)
                                (no ring)
                                d - +3 ring of protection

@: lethally poisoned (-1 -> -3)
A: no striking features
a: no special abilities


You were on level 3 of the Dungeon.
You were not hungry.

You visited 1 branch of the dungeon, and saw 3 of its levels.

You collected 112 gold pieces.

Inventory:

Hand Weapons
 c - a +0 mace
 g - a +0 hunting sling
 j - a +0 club
 k - a +0 flail
 m - a +0 club
 o - a +0 club
 q - a +0 club
 r - a +0 spear (weapon)
 z - a +0 falchion
Missiles
 e - 77 stones (quivered)
 l - 53 arrows
 y - 2 tomahawks
Armour
 a - a +0 robe
 s - a +0 scale mail (worn)
 v - a +0 leather armour
 x - a cursed +0 leather armour
Jewellery
 d - a +3 ring of protection (left hand)
 n - an uncursed amulet of regeneration
 u - a cursed amulet of inaccuracy (around neck)
Scrolls
 f - 2 scrolls of identify
 p - a scroll of random uselessness
Potions
 h - 2 potions of might {unknown}
 t - 2 potions of curing {unknown}
Books
 b - a book of Conjurations

   Spells                             Type                      Level
   a - Magic Dart                     Conjuration                  1
   b - Searing Ray                    Conjuration                  2
   c - Dazzling Spray                 Conjuration/Hexes            3
   d - Fulminant Prism                Conjuration/Hexes            4
   e - Iskenderun's Mystic Blast      Conjuration                  4
   f - Iskenderun's Battlesphere      Conjuration/Charms           5
Comestibles
 i - a meat ration
 w - a bread ration


   Skills:
 + Level 0.4 Fighting
 + Level 1.2 Polearms
 + Level 0.2 Slings
 + Level 2.2 Dodging
 + Level 2.1 Stealth
 - Level 2.7 Spellcasting
 - Level 4.6 Conjurations


You had 5 spell levels left.
You knew the following spells:

 Your Spells              Type           Power        Failure   Level  Hunger
a - Magic Dart            Conj           ###.         30%         1    #......
b - Searing Ray           Conj           ###...       47%         2    ##.....


Dungeon Overview and Level Annotations

Branches:
Dungeon (3/15)

Altars:
Trog


Message History

* * * LOW HITPOINT WARNING * * *
You feel sick. The adder bites you but does no damage.
You miss the adder.
The adder is heavily wounded.
The adder bites you but does no damage.
You barely miss the adder.
The adder is heavily wounded.
* * * LOW HITPOINT WARNING * * *
You feel sick.
The adder bites you but does no damage. x2
Your scale mail prevents you from hitting the adder.
The adder is heavily wounded.
The adder bites you but does no damage.
You miss the adder.
The adder is heavily wounded.
The adder bites you but does no damage.
You miss the adder.
The adder is heavily wounded.
* * * LOW HITPOINT WARNING * * *
You feel sick. The adder bites you but does no damage. The adder bites you.
You die...

,,,,,,,,,........,,,,,* #....##,*
*,***,*,,,,......,,,,,* #...#.#*,
,,,,,,,,,,,,..#.#########.....#*,
,,,,,*******+#................#*,
,,,,,* *,,,*,#..............#.#,*
,,,,,* *,,,*,#..)............##*,
,**,,***,.,*,#................###
,,,,,,,,,....#..S.†..............
,*****,,........@........########
,,,,,*,*...###...[.......# #
****,*,*.,,* #...........# #
****,*,*,,,* #...........# #
,,,*,*,*,,,* #...........#******#
**,*,*,*,,,* #.............,,,,,.
*,*,*,*,,,* #...........##*****#
*,*,*,*,,,* #..........,*
*,*,*,*,,,* *,,,,,,,,,,,*


You could see an adder.

Vanquished Creatures
  2 adders
  2 oozes (D:1)
  2 worms
  2 dart slugs
  An orc (D:3)
  3 bats
  A giant cockroach (D:1)
  5 goblins
  3 hobgoblins (D:1)
  2 frilled lizards (D:1)
  5 kobolds
  7 rats
35 creatures vanquished.

Notes
Turn   | Place    | Note
-------+----------+-------------------------------------------
     0 | D:1      | uhmor the Human Conjurer began the quest for the Orb.
     0 | D:1      | Reached XP level 1. HP: 13/13 MP: 3/3
   134 | D:1      | Reached XP level 2. HP: 12/19 MP: 3/5
   606 | D:1      | Reached XP level 3. HP: 24/24 MP: 4/6
  1385 | D:2      | Found a bloodstained altar of Trog.
  1453 | D:2      | Reached XP level 4. HP: 24/31 MP: 0/8
  1913 | D:2      | Became a worshipper of Trog the Wrathful
  1948 | D:2      | Was placed under penance by Trog
  2159 | D:3      | Learned a level 2 spell: Searing Ray
  2162 | D:3      | Fell from the grace of Trog
  2221 | D:3      | Reached skill level 1 in Polearms
  2324 | D:3      | Slain by an adder

Skill      XL: |  1  2  3  4 |
---------------+-------------+-----
Polearms       | 1 |  1.2
Fighting       | |  0.4
Slings         | |  0.2
Dodging        | |  2.2
Stealth        | |  2.1
Spellcasting   | |  2.7
Conjurations   | |  4.6

Action                   |  1- 3 |  4- 6 || total
-------------------------+-------+-------++-------
Melee: Unarmed           |     3 |       ||     3
       Spear             |    30 |    91 ||   121
       Club              |    15 |       ||    15
 Fire: Hunting sling     |     7 |       ||     7
 Cast: Magic Dart        |    59 |     4 ||    63
       Searing Ray       |       |     1 ||     1
  Use: Scroll            |       |     4 ||     4
  Eat: Bread ration      |     1 |       ||     1
       Chunk             |     1 |       ||     1
Armor: Robe              |     7 |       ||     7
       Scale mail        |    14 |    44 ||    58
Dodge: Dodged            |    22 |    45 ||    67
